 Dungeon Crawl Stone Soup version 0.27.0-1-g7a089689b8 (webtiles) character file.

Game seed: 12158039510316930341

41 freelancePsychic the Charlatan (level 3, -1/28 HPs)
             Began as a Djinni Artificer on Aug 14, 2021.
             Frozen to death by an endoplasm (6 damage)
             ... on level 1 of the Dungeon.
             The game lasted 00:02:27 (2242 turns).

freelancePsychic the Charlatan (Djinni Artificer)   Turns: 2242, Time: 00:02:27

Health: -1/28      AC:  3    Str: 11    XL:     3   Next: 75%
Gold:   52         EV: 11    Int: 13    God:
                   SH:  0    Dex: 13

rFire    + + .     SeeInvis .   h - +0 dagger (freeze)
rCold    x . .     Faith    .   (no shield)
rNeg     . . .     Spirit   .   b - +0 leather armour
rPois    ∞         Reflect  .   (no helmet)
rElec    .         Harm     .   (no cloak)
rCorr    .         Rampage  .   (no gloves)
Will     .....                  (boots unavailable)
Stlth    +.........             (no amulet)
HPRegen  0.09/turn              (no ring)
MPRegen  0.00/turn              (no ring)

@: flying, very slightly contaminated
A: sickness immunity, fire resistance 2, cold vulnerability 1, float, innate
caster, hp casting, extra vitality 1
a: no special abilities


You were on level 1 of the Dungeon.
You visited 1 branch of the dungeon, and saw 2 of its levels.

You collected 52 gold pieces.

Inventory:

Hand Weapons
 a - a +0 club
 h - a +0 dagger of freezing (weapon)
Armour
 b - a +0 leather armour (worn)
Wands
 d - a wand of charming (15)
Scrolls
 f - a scroll of amnesia {unknown}
 g - a scroll of teleportation {unknown}
 i - 3 scrolls of noise {unknown}
 k - a scroll of identify {unknown}
Potions
 j - a potion of heal wounds {unknown}
Miscellaneous
 e - a piece from Xom's chessboard (15/15)


   Skills:
 + Level 2.2 Fighting
 - Level 0.3 Short Blades
 - Level 1.0 Armour
 - Level 2.1 Dodging
 - Level 0.7 Stealth
 * Level 1.4 Spellcasting
 - Level 3.0 Evocations


You had 3 spell levels left.
You knew the following spells:

 Your Spells              Type           Power      Damage    Failure   Level
a - Freeze                Ice            16%        1d4       21%         1
Your spell library was empty.

Dungeon Overview and Level Annotations

Branches:
Dungeon (2/15)

Altars:

Shops:
D:2 ((:

Annotations:
D:2 Sigmund


Innate Abilities, Weirdness & Mutations

You are immune to sickness and miasma.
You are immune to poison.
Your flesh is very heat resistant. (rF++)
You are vulnerable to cold. (rC-)
You float through the air rather than walking.
You learn spells naturally, not from books.
Your magical power is your life essence.
You have superior vitality. (+4 HP)


Message History

Confirm with . or Enter, or press ? or * to list all spells.
Aiming: Freeze (safe; 21% risk of failure)
Press: ? - help, Shift-Dir - straight line, f/p - endoplasm
Aim: an endoplasm (lightly wounded)
You miscast Freeze.
Nothing appears to happen.
The endoplasm closely misses you.
Casting: Freeze (safe; 21% risk of failure)
Confirm with . or Enter, or press ? or * to list all spells.
Aiming: Freeze (safe; 21% risk of failure)
Press: ? - help, Shift-Dir - straight line, f/p - endoplasm
Aim: an endoplasm (lightly wounded)
You miscast Freeze.
Nothing appears to happen.
The endoplasm closely misses you.
Casting: Freeze (safe; 21% risk of failure)
Confirm with . or Enter, or press ? or * to list all spells.
Aiming: Freeze (safe; 21% risk of failure)
Press: ? - help, Shift-Dir - straight line, f/p - endoplasm
Aim: an endoplasm (lightly wounded)
You miscast Freeze.
Nothing appears to happen.
The endoplasm closely misses you.
Casting: Freeze (safe; 21% risk of failure)
Confirm with . or Enter, or press ? or * to list all spells.
Aiming: Freeze (safe; 21% risk of failure)
Press: ? - help, Shift-Dir - straight line, f/p - endoplasm
Aim: an endoplasm (lightly wounded)
You miscast Freeze.
Nothing appears to happen.
The endoplasm freezes you.
You are frozen.
You feel a terrible chill!
* * * LOW HITPOINT WARNING * * *
Casting: Freeze (safe; 21% risk of failure)
Confirm with . or Enter, or press ? or * to list all spells.
Aiming: Freeze (safe; 21% risk of failure)
Press: ? - help, Shift-Dir - straight line, f/p - endoplasm
Aim: an endoplasm (lightly wounded)
You freeze the endoplasm.
The endoplasm is moderately wounded.
* * * LOW HITPOINT WARNING * * *
The endoplasm freezes you.
You are frozen.
You feel a terrible chill!
You die...

.####...####....#.....#..........
.## ##'## #....#.#...#..........
## #≈.≈# #..##.#...#.......... #
####### ###..#...#..........
#...≈...# #....'...+..........
##..≈≈≈≈≈..# #.#.##...##.........
.#.≈≈≈≈≈≈≈.# #.#......###........
.##..≈≈≈..####.#J#..............#
.##########.....@................
.# #..........###..........#
.########.#######.####..........#
.'..............................#
.########.####..#.####...########
.....# #.####..#.# #.).# .###.#
#.......#.# ###.# ## #.#
#######.#.# #.# #.# #.#.# #.#


You could see an endoplasm.

Vanquished Creatures
  2 worms (D:2)
  A ball python (D:2)
  3 endoplasms
  2 giant cockroaches
  5 goblins
  3 hobgoblins
  2 jackals (D:1)
  3 quokkas
  4 frilled lizards
  4 kobolds
  2 rats (D:1)
31 creatures vanquished.

Notes
Turn   | Place    | Note
-------+----------+-------------------------------------------
     0 | D:1      | freelancePsychic the Djinni Artificer began the quest for
                  | the Orb.
     0 | D:1      | Reached XP level 1. HP: 17/17 MP: 0/0
   174 | D:1      | Reached XP level 2. HP: 10/22 MP: 0/0
  1177 | D:1      | Reached skill level 1 in Spellcasting
  1536 | D:2      | Reached XP level 3. HP: 9/28 MP: 0/0
  1536 | D:2      | Learned a level 1 spell: Freeze
  1820 | D:2      | Found Histronn's Weapon Emporium.
  1827 | D:2      | Found Cuaqouts's Book Boutique.
  2168 | D:2      | Found Aroatz's Weapon Shop.
  2215 | D:2      | Noticed Sigmund
  2242 | D:1      | Frozen to death by an endoplasm

Illustrated notes

Levels and vault maps discovered:
D:1:      shiori_arrival_elements, layout_basic
D:2:      layout_basic, serial_shops, nicolae_shop_crystal, nicolae_shop_trees,
          shop_fountains, nicolae_diamond_shop, shop_fountains,
          minmay_misc_feat_hallway, minmay_pentomino_v4, uniq_sigmund

Skill      XL: |  1  2  3 |
---------------+----------+-----
Spellcasting   | 1 |  1.4
Fighting       | 2 |  2.2
Short Blades   | |  0.3
Armour         | |  1.0
Dodging        | |  2.1
Stealth        | |  0.7
Evocations     | |  3.0

Action                   || total
-------------------------++-------
Melee: Club              ||    15
       Dagger            ||    69
 Cast: Freeze            ||    13
Evoke: Wand              ||    15
Armor: Leather armour    ||    20
Dodge: Dodged            ||    73
